woodfighter, chaotic female human Priestess --------- ---..|../.--- |.`..|.%``.>| --...```@...--- |.....|Yf`..|<| |.`.`....`---^| |------^..|.^^| |...`.`^---.^.| --.....^^^^^^-- |.`...`---..| ---....(.|--- -------- woodfighter the Adept Experience level: 7 Strength: 16 Dexterity: 13 Constitution: 17 Intelligence: 14 Wisdom: 7 Charisma: 10 Health: 0(58) Energy: 62(62) Def: 5 Gold: 0 Moves: 3835 Dungeon seed: bdoQKL6tVpYJR5Oc Game ID: woodfighter_1578382867 Your Inventory: Weapons a - a blessed +1 mace (weapon in hand) v - 12 +0 darts w - 6 blessed +2 darts (in quiver) Armor e - a +0 robe n - a +0 small shield (being worn) z - a blessed +2 alchemy smock (being worn) N - a +0 pair of kicking boots (being worn) Y - a blessed +0 dwarvish cloak Z - a cursed -2 pair of fumble boots Comestibles c - a clove of garlic k - 4 lichen corpses l - 2 fortune cookies t - 3 food rations D - a pear L - a tin of gecko meat O - a magic bean P - 3 sprigs of wolfsbane W - a eucalyptus leaf Wands d - a blessed wand of digging (0:3) f - a wand of cancellation (0:1) o - a wand of probing (0:7) x - a wand of speed monster (0:5) V - a wand of magic missile (0:5) Tools s - a bag of holding y - a lock pick Contents of the bag of holding: 881 gold pieces a blessed scroll of blank paper 3 scrolls of blank paper a cursed scroll of blank paper a cursed scroll of enchant weapon a scroll of identify a blessed scroll of light a scroll of light a scroll of magic mapping a scroll of punishment 2 scrolls of scare monster 2 scrolls of taming a scroll of water a spellbook of clairvoyance a spellbook of cure blindness a blessed spellbook of extra healing named 1 a spellbook of light a blessed spellbook of protection a potion of booze a potion of extra healing a potion of gain ability 2 blessed potions of hallucination a potion of hallucination 4 potions of holy water a ring of cold resistance a ring of poison resistance an amber a worthless piece of white glass Spells and supernatural/magical abilities: Name Level Category Fail Memory l - light 1 divination 23% 81% p - protection 1 clerical 23% 81% x - extra healing 3 healing 100% 97% B - cure blindness 2 healing 81% 81% W - pray for help -- divine ? -- X - turn undead -- divine ? -- Your skills at the end: Miscellaneous Skills shield [Basic] wands [Basic] Weapon Skills mace [Skilled] Spellcasting Skills clerical spells [Basic] Final Attributes: You were piously aligned. You were poison resistant. You were acid resistant. Your writing hand was ok. You were stealthy. You are dead. Vanquished creatures: a giant beetle a quivering blob 2 dogs 7 bugbears 2 ponies a gnomish wizard a gray ooze an elf zombie 2 paper golems a giant ant 3 floating eyes 2 kittens a dwarf a kobold lord an iguana 2 hill orcs 3 rothes a rabid rat a centipede a jitterbug 2 giant bats a monkey 6 dwarf zombies a wererat a werejackal 2 coyotes 3 gas spores 3 large kobolds 5 geckos 3 hobgoblins 5 giant rats a brown mold 5 gnomes 2 manes a gnome zombie 7 jackals a kobold 2 newts 3 goblins 4 sewer rats 4 grid bugs 2 bats 4 lichens a kobold zombie 104 creatures vanquished. Voluntary challenges: You did not adorn yourself with jewelry or accessories. You did not cause conflict. You were not invisible. You did not have reflection. You were not displaced. You had been an atheist until turn 1866. You used a wielded weapon 176 times, starting on turn 5. You did not apply a unicorn horn. You did not use plumbed fixtures. You did not drink any magical draughts. You read items or engraved 10 times, starting on turn 3070. You never genocided any monsters. You never polymorphed an object. You never changed form. You used no wishes. You never split a pudding. You never wrote Elbereth's name. You never violated your personal moral code. Dungeon overview: The Dungeons of Doom: levels 1 to 8 Level 1 (box + known vault) a fountain a long staircase Level 2 (water) Level 3 stairs to The Gnomish Mines Level 4 (vault) an armor shop Level 5 (throne) a fountain, a throne Level 6 some altars to Chih Sung-tzu and Huan Ti, a fountain Level 7 many fountains Level 8 (vault) stairs to Sokoban The Gnomish Mines: Level 4 stairs to The Dungeons of Doom Sokoban: Level 7 <- You were here a magic chest stairs to The Dungeons of Doom History has recorded: On T:1 you entered the Dungeons of Doom to retrieve the Amulet of Yendor! On T:110 you reached level 2 of The Dungeons of Doom. On T:450 you reached level 3 of The Dungeons of Doom. On T:535 you advanced to experience level 2. On T:901 you reached level 1 of The Gnomish Mines. On T:947 you advanced to experience level 3. On T:1250 you reached level 4 of The Dungeons of Doom. On T:1299 you reached level 5 of The Dungeons of Doom. On T:1350 you advanced to experience level 4. On T:1866 you prayed to Huan Ti. On T:1876 you advanced to experience level 5. On T:2279 you reached level 6 of The Dungeons of Doom. On T:2280 you advanced to experience level 6. On T:2594 you reached level 7 of The Dungeons of Doom. On T:3616 you advanced to experience level 7. On T:3641 you reached level 8 of The Dungeons of Doom. On T:3827 you reached level 4 of Sokoban. Score breakdown: Gold: 881 ( 88 points) Experience: 7 levels ( 600 points) Exploration: 8 levels ( 210 points) Discoveries: 30 items ( 1500 points) Variety of kills: 44 monsters ( 2000 points) Major goal: (nothing yet) ( 0 points) Survival: died (score multiplied by 3) Total score: 13194 Latest messages: You kill the giant ant! You see here a giant ant corpse. The dart hits the floating eye. (2x) You feel more confident in your weapon skills. You kill the floating eye! w - 3 blessed darts (in quiver). w - a blessed dart (in quiver). A bear trap closes on your foot! You are caught in a bear trap. You see here a statue of an acid blob. You see here a giant ant corpse. Picking out the Seeds You cannot pass that way. With great effort you move the boulder. You see here a magic bean. O - a magic bean. With great effort you move the boulder. You hit the yeti! The yeti claws you! (2x) The yeti bites! The yeti claws you! (2x) The yeti bites! You hit the yeti! The large cat bites! The yeti claws you! (2x) You die... Final status: Goodbye woodfighter the Priestess, killed by a yeti... You died in Sokoban on dungeon level 7 with 13194 points, and 881 pieces of gold, after 3835 moves. You were level 7 with a maximum of 58 hit points when you died.